 Dungeon Crawl Stone Soup version 0.18.1-50-g88ac8fd (webtiles) character file.

132 epen the Insei (level 5, -1/42 HPs)
             Began as a Merfolk Monk on Sept 15, 2016.
             Slain by Grinder (8 damage)
             ... while paralysed by Grinder
             ... on level 3 of the Dungeon.
             The game lasted 00:02:29 (2984 turns).

epen the Insei (Merfolk Monk)                       Turns: 2984, Time: 00:02:30

Health: -1/42      AC:  6    Str: 11    XL:     5   Next: 15%
Magic:  5/5        EV:  2    Int:  9    God:
Gold:   167        SH:  0    Dex: 23    Spells: 0 memorised, 4 levels left

rFire  . . .     SeeInvis .       - Unarmed
rCold  . . .     Gourm    .     t - +0 ring mail
rNeg   . . .     Faith    .     (no shield)
rPois  .         Spirit   .     c - +0 helmet
rElec  .         Dismiss  .     (no cloak)
rCorr  .         Reflect  .     (no gloves)
SustAt .         Harm     .     (no boots)
MR     .....                    (no amulet)
Stlth  +++.......               (no ring)
                                (no ring)

@: paralysed, agile, not resistant to hostile enchantments, fairly stealthy
A: change form in water, swift swim
a: no special abilities


You were on level 3 of the Dungeon.
You were near starving.

You visited 1 branch of the dungeon, and saw 3 of its levels.

You collected 167 gold pieces.

Inventory:

Armour
 a - a +0 robe
 c - a +0 helmet (worn)
 t - a +0 ring mail (worn)
Jewellery
 g - an uncursed amulet of guardian spirit {unknown}
 j - an uncursed amulet of guardian spirit {unknown}
Scrolls
 d - 5 scrolls of identify {unknown}
 i - a scroll of fear {unknown}
 k - a scroll of random uselessness {unknown}
 l - 2 scrolls of enchant armour {unknown}
 m - a scroll of noise {unknown}
 n - 2 scrolls of teleportation {unknown}
 p - a scroll of blinking {unknown}
 r - a scroll of remove curse {unknown}
 u - a scroll of enchant weapon {unknown}
Potions
 o - a potion of invisibility {unknown}
 q - a potion of brilliance {unknown}
 v - a potion of haste {unknown}
Comestibles
 b - a bread ration
 h - 2 fruits
 s - 3 meat rations


   Skills:
 + Level 4.1 Fighting
 + Level 5.1 Dodging
 - Level 2.1 Stealth
 * Level 5.8 Unarmed Combat


You had 4 spell levels left.
You didn't know any spells.

Dungeon Overview and Level Annotations

Branches:
Dungeon (3/15)

Altars:
Gozag

Annotations:
D:3 Grinder


Message History

The bat misses you. Grinder gestures at you. Pain shoots through your body!
You barely miss Grinder.
Grinder is heavily wounded.
The bat hits you but does no damage. The bat barely misses you.
Grinder barely misses you.
You completely miss Grinder.
Grinder is heavily wounded.
The bat completely misses you. Grinder closely misses you.
The bat closely misses you.
Drink which item? (? for menu, Esc to quit)
It was a potion of cure mutation.
It has a very clean taste.
The bat barely misses you. Grinder gestures at you.
You suddenly lose the ability to move!
The bat hits you but does no damage. Grinder hits you.
You writhe in agony.
* * * LOW HITPOINT WARNING * * *
The bat hits you but does no damage. Grinder hits you!
You die...

#.# ###..5.......###..# #..
##.....##..#######..
..###.##...######.#####....
.........## #.......##.
.##...<## ####........#.
##.!.## #.<..######...
#.#....#### #.#### ###.
#.#.##..5.###.# #####. #.#
####@....# ##..... ##..
#..b.#### #..#### ...# #.#.##
#.##### #.. #.#....#
###.#....
...###.###.####..####.....###
.......<...............#### #
.....##.########..##..##
##..###.#########..#.##
#.............###.#.#


You could see Grinder and a bat.

Vanquished Creatures
  A worker ant (D:3)
  5 adders
  An ooze (D:1)
  A dart slug (D:2)
  2 giant geckos
  An orc (D:3)
  2 ball pythons
  2 giant cockroaches
  9 goblins
  5 hobgoblins
  6 jackals (D:1)
  6 kobolds
  4 bats
  3 giant newts
  7 rats
55 creatures vanquished.

Notes
Turn   | Place    | Note
--------------------------------------------------------------
     0 | D:1      | epen the Merfolk Monk began the quest for the Orb.
     0 | D:1      | Reached XP level 1. HP: 18/18 MP: 1/1
   343 | D:1      | Reached XP level 2. HP: 22/24 MP: 2/2
   664 | D:1      | Reached XP level 3. HP: 16/29 MP: 3/3
   667 | D:1      | Reached skill level 5 in Unarmed Combat
  1045 | D:2      | Found an opulent altar of Gozag.
  1767 | D:2      | Reached XP level 4. HP: 34/37 MP: 4/4
  2538 | D:3      | Reached skill level 5 in Dodging
  2538 | D:3      | Reached XP level 5. HP: 7/42 MP: 5/5
  2890 | D:3      | Noticed Grinder
  2982 | D:3      | Paralysed by Grinder for 7 turns
  2984 | D:3      | Slain by Grinder

Skill      XL: |  1  2  3  4 |
---------------+-------------+-----
Unarmed Combat | 5 |  5.8
Fighting       | 4 |  4.1
Dodging        | 5 |  5.1
Stealth        | |  2.1

Action                   |  1- 3 |  4- 6 || total
-------------------------+-------+-------++-------
Melee: Unarmed           |   115 |   125 ||   240
       Punch             |     4 |     7 ||    11
  Use: Potion            |       |     3 ||     3
 Stab: Sleeping          |     5 |     1 ||     6
  Eat: Chunk             |     1 |     4 ||     5
Armor: Robe              |    20 |     1 ||    21
       Ring mail         |       |    43 ||    43
Dodge: Dodged            |    75 |   104 ||   179
